 Dungeon Crawl Stone Soup version 0.23.1 (webtiles) character file.

Game seed: 0

123 Fang the Skirmisher (level 5, 0/33 HPs)
             Began as a Gargoyle Berserker on Mar 13, 2019.
             Was a Believer of Trog.
             Slain by a phantom (5 damage)
             ... on level 3 of the Dungeon.
             The game lasted 00:03:49 (1607 turns).

Fang the Skirmisher (Gargoyle Berserker)            Turns: 1607, Time: 00:03:50

Health: 0/33       AC:  9    Str: 21    XL:     5   Next: 7%
Magic:  5/5        EV: 12    Int:  8    God:    Trog [**....]
Gold:   79         SH:  0    Dex:  9    Spells: 4/4 levels left

rFire    . . .     SeeInvis +   a - +0 hand axe
rCold    . . .     Gourm    .   (no shield)
rNeg     + . .     Faith    .   b - +0 animal skin
rPois    ∞         Spirit   .   p - +2 helmet {SInv}
rElec    +         Reflect  .   (no cloak)
rCorr    .         Harm     .   (no gloves)
MR       .....                  (no boots)
Stlth    +.........             (no amulet)
HPRegen  0.11/turn              (no ring)
MPRegen  0.09/turn              (no ring)

@: berserk cooldown
A: negative energy resistance 1, electricity resistance, unbreathing,
petrification resistance, rot immunity, AC +4
a: Berserk, Trog's Hand, Renounce Religion


You were on level 3 of the Dungeon.
You worshipped Trog.
Trog was pleased with you.
You were near starving.

You visited 1 branch of the dungeon, and saw 3 of its levels.

You collected 79 gold pieces.

Inventory:

Hand Weapons
 a - a +0 hand axe (weapon)
Armour
 b - a +0 animal skin (worn)
 p - a +2 helmet of see invisible (worn)
Jewellery
 l - a +3 ring of strength {unknown}
 o - a +3 amulet of reflection {unknown}
Scrolls
 d - a scroll of magic mapping {unknown}
 e - 4 scrolls of remove curse {unknown}
 h - a scroll of teleportation {unknown}
 j - 4 scrolls of identify {unknown}
 m - a scroll of enchant armour {unknown}
 n - a scroll of amnesia {unknown}
Potions
 f - a potion of mutation {unknown}
 g - a potion of cancellation {unknown}
 i - 2 potions of flight {unknown}
 k - a potion of berserk rage {unknown}
Comestibles
 c - 3 rations


   Skills:
 + Level 4.2 Fighting
 + Level 3.4 Axes
 + Level 3.3 Armour
 + Level 2.3 Dodging


You had 4 spell levels left.
You didn't know any spells.
Your spell library was empty.

Dungeon Overview and Level Annotations

Branches:
Dungeon (3/15)

Altars:


Innate Abilities, Weirdness & Mutations

You are resistant to torment.
Your stone body is resilient. (AC +4)
You are immune to poison.
You resist negative energy. (rN+)
You are resistant to electric shocks. (rElec)
You can survive without breathing.
You are immune to petrification.
You are immune to rotting.


Message History

You swing at nothing.
The phantom hits you.
You hit the phantom but do no damage. The phantom hits you.
The phantom blinks!
You swing at nothing.
You completely miss the phantom. The phantom closely misses you.
The phantom hits you.
The phantom blinks!
You swing at nothing.
You swing at nothing.
You barely miss the phantom.
The phantom is severely damaged.
The phantom barely misses you. The phantom hits you.
* * * LOW HITPOINT WARNING * * *
You hit the phantom.
The phantom is severely damaged.
The phantom misses you. The phantom hits you.
* * * LOW HITPOINT WARNING * * *
You barely miss the phantom.
The phantom is severely damaged.
You feel yourself speed up. The phantom hits you.
You die...

.# .### ..... ...##
... ###.# ... # #.#
... ###.####### #.#
..........# #.#
.#.######.# #W# # #.##
#.# #@# ...
..#######.######.##..#
.....................#
#########........###>#
# ########## # # # #


You could see a phantom.

Vanquished Creatures
  5 adders
  An ooze (D:1)
  A worm (D:2)
  2 dart slugs (D:1)
  A leopard gecko (D:1)
  4 orcs (D:3)
  11 bats
  6 giant cockroaches
  7 goblins
  10 hobgoblins
  3 jackals (D:3)
  3 frilled lizards
  2 kobolds
  4 rats
60 creatures vanquished.

Notes
Turn   | Place    | Note
-------+----------+-------------------------------------------
     0 | D:1      | Fang the Gargoyle Berserker began the quest for the Orb.
     0 | D:1      | Reached XP level 1. HP: 14/14 MP: 1/1
    53 | D:1      | Reached XP level 2. HP: 17/19 MP: 2/2
   206 | D:1      | Reached XP level 3. HP: 21/23 MP: 3/3
   429 | D:1      | Reached ** piety under Trog
   841 | D:2      | Reached XP level 4. HP: 22/29 MP: 4/4
   897 | D:2      | Reached skill level 4 in Fighting
  1290 | D:3      | Reached XP level 5. HP: 21/33 MP: 5/5
  1549 | D:3      | Noticed a phantom
  1607 | D:3      | Slain by a phantom

Skill      XL: |  1  2  3  4 |
---------------+-------------+-----
Axes           | 3 |  3.4
Dodging        | 2 |  2.3
Armour         | 3 |  3.3
Fighting       | 4 |  4.2

Action                   |  1- 3 |  4- 6 || total
-------------------------+-------+-------++-------
Melee: Hand axe          |   131 |   109 ||   240
Invok: Berserk           |       |     1 ||     1
  Eat: Chunk             |       |     2 ||     2
Armor: Animal skin       |    60 |    46 ||   106
Dodge: Dodged            |   103 |   106 ||   209
